 Dungeon Crawl Stone Soup version 0.23.2-1-ga50397a (webtiles) character file.

Game seed: 13945343966113181141

30396 MaxwellSilver the Fighter (level 13, -3/124 HPs)
             Began as a Minotaur Fighter on May 15, 2019.
             Was a High Priest of Okawaru.
             Slain by a troll (7 damage)
             ... while paralysed by an orc sorcerer
             ... on level 2 of the Orcish Mines on May 16, 2019.
             The game lasted 00:56:23 (19346 turns).

MaxwellSilver the Fighter (Minotaur Fighter)       Turns: 19346, Time: 00:56:24

Health: -3/124     AC: 20    Str: 27    XL:     13   Next: 20%
Magic:  15/16      EV:  2    Int:  5    God:    Okawaru [*****.]
Gold:   1084       SH:  0    Dex:  9    Spells: 12/12 levels left

rFire    + + .     SeeInvis .   a - +0 rapier
rCold    . . .     Gourm    +   y - +0 buckler
rNeg     . . .     Faith    .   X - +2 plate armour {rF+}
rPois    .         Spirit   .   (helmet restricted)
rElec    .         Reflect  .   H - scarf {repulsion}
rCorr    .         Harm     .   P - +0 pair of gloves
MR       .....                  (no boots)
Stlth    ..........             x - amulet of the gourmand
HPRegen  0.30/turn              L - +3 ring of evasion
MPRegen  0.15/turn              p - ring of protection from fire

@: paralysed, heroism, marked, repel missiles
A: retaliatory headbutt, horns 2
a: Heroism, Finesse, Renounce Religion


You were on level 2 of the Orcish Mines.
You worshipped Okawaru.
Okawaru was extremely pleased with you.
You were not hungry.

You visited 3 branches of the dungeon, and saw 18 of its levels.
You also visited: Ice Cave.

You collected 1308 gold pieces.
You spent 224 gold pieces at shops.

Inventory:

Hand Weapons
 a - a +0 rapier (weapon)
 j - a +2 dagger of draining
 s - a +0 short sword of speed
 S - a +1 dagger of venom
Armour
 c - a +0 shield
 y - a +0 buckler (worn)
 B - a +0 large shield
 H - a scarf of repulsion (worn)
 P - a +0 pair of gloves (worn)
 X - a +2 plate armour of fire resistance (worn)
Jewellery
 o - an uncursed ring of magical power
 p - a ring of protection from fire (right hand)
 x - an amulet of the gourmand (around neck)
 C - an uncursed ring of wizardry
 F - an uncursed ring of ice
 I - a +4 ring of dexterity
 L - a +3 ring of evasion (left hand)
 N - a +6 ring of dexterity
 Q - a +3 ring of dexterity
Wands
 t - a wand of paralysis (12)
 z - a wand of acid (15)
 D - a wand of flame (35)
 G - a wand of digging (10)
 O - a wand of iceblast (11)
Scrolls
 g - 2 scrolls of enchant armour
 k - 5 scrolls of remove curse
 n - a scroll of blinking
 r - 2 scrolls of fog
 R - 2 scrolls of fear
 V - 2 scrolls of identify
Potions
 d - 2 potions of might
 e - 8 potions of curing
 h - 4 potions of lignification
 i - a potion of agility
 l - 5 potions of heal wounds
 q - 2 potions of haste
 w - 2 potions of flight
 A - 4 potions of brilliance
 E - 3 potions of cancellation
 J - a potion of resistance
 U - 2 potions of mutation
Comestibles
 f - 31 rations


   Skills:
 * Level 14.0(19.0) Fighting
 * Level 13.5(18.5) Short Blades
 + Level 10.2(15.2) Armour
 + Level 8.7(13.7) Dodging
 + Level 10.1(15.1) Shields
 + Level 5.7 Invocations


You had 12 spell levels left.
You didn't know any spells.
Your spell library contained the following spells:

 Spells                   Type           Power        Failure   Level  Hunger
 Flame Tongue             Conj/Fire      #....        98%         1    ##.....
 Throw Flame              Conj/Fire      #.....       99%         2    ###....
 Conjure Flame            Conj/Fire      #.......     100%        3    ####...
 Inner Flame              Hex/Fire       #.......     100%        3    ####...
 Sticky Flame             Conj/Fire      #.......     100%        4    #####..
 Fireball                 Conj/Fire      #.........   100%        5    ######.
 Irradiate                Conj/Tmut      #.........   100%        5    ######.
 Hydra Form               Tmut           #.........   100%        6    #######
 Statue Form              Tmut/Erth      #........    100%        6    #######
 Dragon Form              Tmut           #.........   100%        7    #######


Dungeon Overview and Level Annotations

Branches:
Dungeon (15/15)            Temple (1/1) D:6            Lair (0/6) D:11
    Orc (2/2) D:11
    Elf: Orc:2       Vaults: D:13-14     Depths: D:15

Altars:
Ashenzari
Cheibriados
Dithmenos
Elyvilon
Fedhas
Gozag
Hepliaklqana
Kikubaaqudgha
Makhleb
Nemelex Xobeh
Okawaru
Qazlal
Ru
Sif Muna
Trog
Uskayaw
Vehumet
Wu Jian
Xom
Yredelemnul
Zin
The Shining One
Beogh

Shops:
D:10 *

Annotations:
D:7 3 runed translucent doors, Defined's ghost, novice GnWz
D:8 1 runed translucent door, kalagan's ghost, novice DEEE
D:11 exclusion: 2 oklob plants


Innate Abilities, Weirdness & Mutations

You reflexively headbutt those who attack you in melee.
You have a pair of horns on your head.


Message History

The ufetubus hits you but does no damage.
The ufetubus barely misses you. The troll barely misses you. x3
The ynoxinul hits you but does no damage.
The ufetubus hits you but does no damage. x3
The ufetubus hits you.
* * * LOW HITPOINT WARNING * * *
The orc warrior hits you but does no damage.
The red devil hits you but does no damage.
The orc hits you but does no damage.
An orc comes into view. It is wielding a +0 mace.
The orc sorcerer points at you and mumbles some strange words.
The bolt of fire hits you. You resist.
* * * LOW HITPOINT WARNING * * *
The ogre hits you with a +0 giant spiked club!
* * * LOW HITPOINT WARNING * * *
The ufetubus hits you but does no damage. x2
The troll bites you!
* * * LOW HITPOINT WARNING * * *
The troll claws you!
You die...

.........##.........#........#
...#.....##........##........#
.... #.$o.........##........#
.....##..........### ...
......).).#......)###
.##..#.###.........# . #...[[#
#...oh...##..< #.......
##.#oo)O.......
##...#.#.#..oo5@T5......
#......oo#.#o3o5.......
.........#####45........ #...$
... ##......... ..........
#......... ..........
......... ......$..


You could see a troll, a ynoxinul, a warg, an orc sorcerer, a red devil, 2 orc
warriors, an ogre, an orc priest, 2 orc wizards, 4 orcs and 4 ufetubi.

Vanquished Creatures
  Josephine (D:11)
  A catoblepas (D:12)
  10 two-headed ogres
  An ogre mage (D:12)
  Sonja (D:13)
  An orc knight (D:11)
  Pikel (D:8)
  4 ugly things
  An orc sorcerer (Orc:2)
  A manticore (D:13)
  Joseph (D:8)
  An efreet (D:15)
  3 trolls
  Grinder (D:5)
  2 slime creatures (D:14)
  2 hornets
  A meliai zombie (D:12)
  4 hippogriffs
  Sigmund (D:5)
  5 wraiths
  3 water elementals (D:13)
  2 vampires
  A wyvern (D:11)
  4 hogs (D:7)
  11 yaks
  A human (D:7)
  4 vampire mosquitoes (D:12)
  A death yak simulacrum (IceCv)
  Menkaure (D:5)
  A warg (Orc:1)
  2 water moccasins
  2 sky beasts
  2 black bears
  A hornet zombie (D:13)
  12 ice beasts
  23 orc warriors
  A necrophage (D:9)
  2 slaves (D:7)
  15 ogres
  2 phantoms
  2 centaurs
  2 big kobolds
  7 bullfrogs
  A gnoll sergeant (D:8)
  3 scorpions (D:5)
  A water moccasin skeleton (D:11)
  A wyvern skeleton (D:7)
  11 killer bees
  8 wights
  7 howler monkeys
  4 electric eels (D:13)
  6 crimson imps
  A centaur zombie (D:8)
  3 bullfrog zombies
  A quasit (D:9)
  8 orc priests
  3 bullfrog skeletons
  2 centaur skeletons
  3 hounds
  A jelly (D:8)
  26 orc wizards
  9 iguanas
  10 worker ants
  A killer bee zombie (D:9)
  A worker ant zombie (D:4)
  3 hound skeletons
  A howler monkey skeleton (D:7)
  9 gnolls
  16 adders
  2 shadow imps
  An ooze (D:2)
  3 adder skeletons
  6 worms
  3 dart slugs
  4 leopard geckos
  59 orcs
  3 ball pythons
  3 giant cockroaches
  8 goblins
  6 hobgoblins
  7 jackals
  4 quokkas
  11 bats
  4 frilled lizards
  12 kobolds
  2 quokka skeletons
  A quokka zombie (D:5)
  6 rats
430 creatures vanquished.

Vanquished Creatures (others)
  An orc (Orc:2)
1 creature vanquished.

Grand Total: 431 creatures vanquished

Notes
Turn   | Place    | Note
-------+----------+-------------------------------------------
     0 | D:1      | MaxwellSilver the Minotaur Fighter began the quest for the
                  | Orb.
     0 | D:1      | Reached XP level 1. HP: 19/19 MP: 0/0
   213 | D:1      | Reached XP level 2. HP: 27/27 MP: 1/1
   617 | D:1      | Reached skill level 4 in Fighting
  1119 | D:2      | Reached XP level 3. HP: 33/33 MP: 2/2
  1527 | D:2      | Reached XP level 4. HP: 38/41 MP: 3/3
  2176 | D:3      | Found an opulent altar of Gozag.
  2203 | D:3      | Reached XP level 5. HP: 38/47 MP: 4/4
  2476 | D:3      | Reached skill level 5 in Fighting
  2476 | D:3      | Reached skill level 5 in Short Blades
  2695 | D:4      | Found an ornate altar of the Wu Jian Council.
  3116 | D:4      | Noticed a phantom
  3122 | D:4      | Reached XP level 6. HP: 57/57 MP: 5/5
  3155 | D:4      | Reached skill level 6 in Fighting
  3497 | D:5      | Entered Level 5 of the Dungeon
  3497 | D:5      | Noticed Menkaure
  3619 | D:5      | Noticed Grinder
  3652 | D:5      | Paralysed by Grinder for 4 turns
  3657 | D:5      | Killed Grinder
  3657 | D:5      | Reached skill level 7 in Fighting
  3657 | D:5      | Reached XP level 7. HP: 21/66 MP: 6/6
  4152 | D:5      | Killed Menkaure
  4283 | D:5      | Reached skill level 8 in Fighting
  4543 | D:4      | Reached XP level 8. HP: 66/74 MP: 7/7
  4552 | D:5      | Found a shimmering altar of Xom.
  4631 | D:5      | Noticed Sigmund
  4639 | D:5      | Killed Sigmund
  4639 | D:5      | Reached skill level 9 in Fighting
  5578 | D:7      | Reached skill level 10 in Fighting
  5766 | D:7      | Reached XP level 9. HP: 21/85 MP: 8/8
  6217 | D:7      | Reached skill level 10 in Short Blades
  6511 | D:7      | Found a stormy altar of Qazlal.
  6511 | D:7      | Found a radiant altar of Vehumet.
  6512 | D:7      | Found a snail-covered altar of Cheibriados.
  6558 | D:7      | Found a runed translucent gate.
  6559 | D:7      | Found a runed translucent gate.
  6559 | D:7      | Noticed Defined's ghost (novice GnWz)
  6560 | D:7      | Found a runed translucent gate.
  6562 | D:7      | Found a roughly hewn altar of Beogh.
  6607 | D:7      | Reached skill level 1 in Dodging
  7213 | D:8      | Found a sacrificial altar of Ru.
  7252 | D:8      | Found a runed translucent door.
  7253 | D:8      | Found a shimmering altar of Xom.
  7253 | D:8      | Noticed kalagan's ghost (novice DEEE)
  7253 | D:8      | Noticed a +2 spear of chaos
  7310 | D:8      | Reached skill level 5 in Armour
  7310 | D:8      | Reached skill level 5 in Shields
  8107 | D:8      | Noticed Pikel
  8159 | D:8      | Killed Pikel
  8159 | D:8      | Reached XP level 10. HP: 61/94 MP: 9/9
  8270 | D:8      | Noticed Joseph
  8297 | D:8      | Killed Joseph
  8297 | D:8      | Reached skill level 11 in Fighting
  8924 | D:9      | Found an ancient bone altar of Kikubaaqudgha.
  8958 | D:10     | Entered Level 10 of the Dungeon
  9096 | D:6      | Found a staircase to the Ecumenical Temple.
  9110 | Temple   | Entered the Ecumenical Temple
  9233 | Temple   | Became a worshipper of Warmaster Okawaru
  9367 | D:6      | Found a faded altar of an unknown god.
  9367 | D:6      | Found a glowing silver altar of Zin.
  9372 | D:6      | Found a deep blue altar of Sif Muna.
  9374 | D:6      | Found a faded altar of an unknown god.
  9376 | D:6      | Found a hide-covered altar of Uskayaw.
  9797 | D:9      | Found a sparkling altar of Nemelex Xobeh.
  9867 | D:9      | Reached skill level 5 in Dodging
 10012 | D:9      | Noticed a two-headed ogre
 10145 | D:9      | Killed a two-headed ogre
 10145 | D:9      | Reached * piety under Okawaru
 10361 | D:9      | Found a white marble altar of Elyvilon.
 10927 | D:10     | Found Miteg's Assorted Antiques.
 10936 | D:10     | Bought a potion of heal wounds for 160 gold pieces
 10938 | D:10     | Bought a scroll of identify for 64 gold pieces
 11499 | D:11     | Paralysed by a hornet for 1 turns
 11506 | D:11     | Reached ** piety under Okawaru
 11506 | D:11     | Reached XP level 11. HP: 69/104 MP: 10/10
 11814 | D:11     | Reached skill level 1 in Invocations
 11823 | D:11     | Noticed a two-headed ogre
 11841 | D:11     | Killed a two-headed ogre
 11899 | D:11     | Noticed an oklob plant
 11900 | D:11     | Noticed an oklob plant
 11907 | D:11     | Noticed a two-headed ogre
 11914 | D:11     | Killed a two-headed ogre
 11914 | D:11     | Reached skill level 12 in Fighting
 12142 | D:11     | Got a transparent leather armour
 12235 | D:11     | Noticed a two-headed ogre
 12245 | D:11     | Killed a two-headed ogre
 12245 | D:11     | Reached *** piety under Okawaru
 12308 | D:11     | Found a staircase to the Lair.
 12326 | D:11     | Noticed Josephine
 12343 | D:11     | Killed Josephine
 12803 | D:11     | Reached **** piety under Okawaru
 13087 | D:11     | Found a staircase to the Orcish Mines.
 13512 | D:13     | Found a sparkling altar of Nemelex Xobeh.
 13512 | D:13     | Noticed a catoblepas
 13549 | D:12     | Killed a catoblepas
 13861 | D:12     | Reached XP level 12. HP: 111/113 MP: 12/14
 13922 | D:12     | Noticed an ogre mage
 13922 | D:12     | Noticed a two-headed ogre
 13922 | D:12     | Noticed a two-headed ogre
 13934 | D:12     | Killed a two-headed ogre
 13938 | D:12     | Killed a two-headed ogre
 13938 | D:12     | Reached ***** piety under Okawaru
 13945 | D:12     | Noticed a two-headed ogre
 13947 | D:12     | Killed an ogre mage
 13955 | D:12     | Killed a two-headed ogre
 14095 | D:12     | Noticed a two-headed ogre
 14107 | D:12     | Killed a two-headed ogre
 14107 | D:12     | Reached skill level 13 in Fighting
 14796 | D:13     | Noticed Sonja
 14797 | D:13     | Noticed a two-headed ogre
 14807 | D:13     | Killed Sonja
 14814 | D:13     | Killed a two-headed ogre
 14814 | D:13     | Received a gift from Okawaru
 15305 | D:13     | Reached skill level 5 in Invocations
 15517 | D:13     | Noticed a two-headed ogre
 15533 | D:13     | Killed a two-headed ogre
 16886 | D:13     | You fall through a shaft for 2 floors!
 16886 | D:15     | Entered Level 15 of the Dungeon
 16895 | D:15     | Reached skill level 10 in Armour
 17386 | D:13     | Found a glowing golden altar of the Shining One.
 17472 | D:13     | Identified the cursed +0 leather armour of Ockuoxago
                  | {Dex+2} (You found it on level 11 of the Dungeon)
 17582 | Orc:1    | Entered Level 1 of the Orcish Mines
 17625 | D:11     | Reached skill level 10 in Shields
 17625 | D:11     | Reached XP level 13. HP: 69/123 MP: 16/16
 17869 | Orc:1    | Found a frozen archway.
 18104 | IceCv    | Entered an ice cave
 18672 | Orc:2    | Entered Level 2 of the Orcish Mines
 18770 | Orc:2    | Reached skill level 14 in Fighting
 19339 | Orc:2    | Paralysed by an orc sorcerer for 7 turns
 19346 | Orc:2    | HP: 4/124 [troll (9)]
 19346 | Orc:2    | Slain by a troll

Skill      XL: |  1  2  3  4  5  6  7  8  9 10 11 12 13 |
---------------+----------------------------------------+-----
Short Blades   | 3 4 5 6 7 9 10 11 12 13 | 13.5
Fighting       | 4 5 7 8 10 11 12 13 14 | 14.0
Dodging        | 3 5 7 8 |  8.7
Armour         | 5 7 9 10 | 10.2
Shields        | 5 7 9 10 | 10.1
Invocations    | 4 5 |  5.7

Action                   |  1- 3 |  4- 6 |  7- 9 | 10-12 | 13-15 || total
-------------------------+-------+-------+-------+-------+-------++-------
Melee: Rapier            |    53 |    22 |   387 |  1031 |   225 ||  1718
       Headbutt          |    14 |    31 |    81 |   222 |    55 ||   403
       Dagger            |    39 |   147 |       |       |       ||   186
Invok: Heroism           |       |       |       |    19 |     3 ||    22
  Use: Potion            |       |     1 |     5 |     3 |       ||     9
       Scroll            |       |       |    12 |     8 |     2 ||    22
  Eat: Chunk             |     1 |     6 |    12 |    30 |    10 ||    59
       Ration            |       |       |     1 |       |       ||     1
Armor: Scale mail        |    32 |    37 |    99 |       |       ||   168
       Chain mail        |       |       |    18 |    29 |       ||    47
       Plate armour      |       |       |       |   256 |   117 ||   373
Dodge: Dodged            |    22 |    28 |   110 |   408 |    85 ||   653
       Deflected         |       |       |       |     9 |     3 ||    12
Block: Shield            |    45 |    57 |    41 |       |       ||   143
       Buckler           |       |       |    42 |   168 |    45 ||   255
